 Dungeon Crawl Stone Soup version 0.23.2-30-g0e89c35649 (webtiles) character file.

Game seed: 3246361030156751637

18105 sankara the Severer (level 12, 0/96 HPs)
             Began as a Hill Orc Fighter on June 20, 2019.
             Was an Elder of Makhleb.
             Slain by a death yak (13 damage)
             ... on level 3 of the Lair of Beasts.
             The game lasted 00:55:44 (15767 turns).

sankara the Severer (Hill Orc Fighter)             Turns: 15767, Time: 00:55:45

Health: 0/96       AC: 23    Str: 24    XL:     12   Next: 55%
Magic:  19/19      EV:  7    Int:  8    God:    Makhleb [****..]
Gold:   757        SH: 17    Dex: 10    Spells: 11/11 levels left

rFire    x . .     SeeInvis +   a - +0 war axe
rCold    + . .     Gourm    .   c - +0 shield
rNeg     . . .     Faith    .   X - +7 chain mail of Happiness {MR++}
rPois    .         Spirit   .   l - +1 helmet
rElec    .         Reflect  +   G - +0 cloak {+Inv}
rCorr    .         Harm     .   y - +0 pair of gloves
MR       ++...                  F - +0 pair of boots
Stlth    ..........             h - +5 amulet of reflection
HPRegen  0.26/turn              p - ring of ice {rC+, rF-}
MPRegen  0.16/turn              q - ring "Jaonumeh" {+Blink SInv}

@: very slightly contaminated, invisible
A: no striking features
a: Minor Destruction, Lesser Servant of Makhleb, Major Destruction, Renounce
Religion, Evoke Blink


You were on level 3 of the Lair of Beasts.
You worshipped Makhleb.
Makhleb was greatly pleased with you.
You were not hungry.

You visited 3 branches of the dungeon, and saw 13 of its levels.
You also visited: Sewer, Ossuary and Ice Cave.

You collected 967 gold pieces.
You spent 210 gold pieces at shops.

Inventory:

Hand Weapons
 a - a +0 war axe (weapon)
 I - a +2 dagger of holy wrath
   (You found it in an ice cave)
 J - a +5 battleaxe of flaming
   (You found it in an ice cave)
Missiles
 j - 170 stones (quivered)
 D - a throwing net {=f, !d}
Armour
 c - a +0 shield (worn)
 l - a +1 helmet (worn)
   (You found it on level 1 of the Dungeon)
 y - a +0 pair of gloves (worn)
   (You found it on level 3 of the Dungeon)
 F - a +0 pair of boots (worn)
   (You found it on level 4 of the Dungeon)
 G - a +0 cloak of invisibility (worn)
   (You bought it in a shop on level 4 of the Dungeon)
 X - the +7 chain mail of Happiness (worn) {MR++}
   (You found it on level 2 of the Lair of Beasts)

   It affects your resistance to hostile enchantments.
Jewellery
 g - a +3 ring of dexterity
   (You found it on level 5 of the Dungeon)
 h - a +5 amulet of reflection (around neck)
   (You found it on level 1 of the Dungeon)
 p - a ring of ice (left hand) {rC+, rF-}
   (You found it on level 2 of the Dungeon)
 q - the ring "Jaonumeh" (right hand) {+Blink SInv}
   (You found it on level 1 of the Lair of Beasts)

   [ring of see invisible]

   It lets you see invisible.
   It lets you blink.
 Y - an uncursed ring of protection from fire {unknown}
   (You found it on level 2 of the Lair of Beasts)
Wands
 u - a wand of polymorph (9)
   (You found it on level 2 of the Lair of Beasts)
 z - a wand of paralysis (15)
   (You found it on level 3 of the Dungeon)
 H - a wand of flame (1)
   (You found it on level 4 of the Dungeon)
 S - a wand of clouds (8)
   (You found it on level 8 of the Dungeon)
 V - a wand of random effects (47)
   (You found it on level 8 of the Dungeon)
Scrolls
 b - 8 scrolls of teleportation {unknown}
 n - 2 scrolls of magic mapping {!r}
 o - 7 scrolls of remove curse
 r - 3 scrolls of identify
 v - 3 scrolls of fog {unknown}
 w - 3 scrolls of fear {unknown}
 E - a scroll of blinking {unknown}
 P - 2 scrolls of enchant weapon {unknown}
 Q - a scroll of enchant armour {unknown}
 T - 3 scrolls of amnesia {unknown}
 U - a scroll of random uselessness {unknown}
 W - a scroll of summoning {unknown}
Potions
 d - 4 potions of might
 e - 2 potions of cancellation
 i - 3 potions of brilliance {unknown}
 k - 7 potions of curing
 m - 3 potions of agility
 s - 2 potions of haste {unknown}
 x - 3 potions of invisibility
 B - 4 potions of lignification {!q}
 C - 5 potions of flight
 K - a potion of berserk rage {!q}
 L - 2 potions of heal wounds {unknown}
 O - 2 potions of ambrosia {unknown}
 R - a potion of resistance
Miscellaneous
 t - a lightning rod (4/4)
   (You found it on level 1 of the Lair of Beasts)
 A - a fan of gales
   (You found it on level 2 of the Lair of Beasts)
Comestibles
 f - 14 rations
 M - 8 chunks of flesh {@w0}


   Skills:
 + Level 6.1 Fighting
 - Level 16.0 Axes
 - Level 7.1 Armour
 + Level 11.4 Shields
 - Level 10.0 Invocations
 - Level 6.0 Evocations


You had 11 spell levels left.
You didn't know any spells.
Your spell library contained the following spells:

 Spells                   Type           Power        Failure   Level  Hunger
 Animate Skeleton         Necr           N/A          99%         1    ##.....
 Apportation              Tloc           #.....       99%         1    ##.....
 Confusing Touch          Hex            #.....       99%         1    ##.....
 Summon Small Mammal      Summ           #...         99%         1    ##.....
 Call Imp                 Summ           #.......     99%         2    ###....
 Call Canine Familiar     Summ           #.......     100%        3    ####...
 Summon Guardian Golem    Hex/Summ       #.......     100%        3    ####...
 Summon Ice Beast         Ice/Summ       #.......     100%        4    #####..
 Summon Lightning Spire   Summ/Air       #.......     100%        4    #####..


Dungeon Overview and Level Annotations

Branches:
Dungeon (9/15)             Temple (1/1) D:7            Lair (3/6) D:8
  Swamp: Lair:2-4    Shoals: Lair:2-4     Snake: Lair:2-4    Spider: Lair:2-4
    Orc: D:9-12

Altars:
Ashenzari
Cheibriados
Dithmenos
Elyvilon
Fedhas
Gozag
Hepliaklqana
Kikubaaqudgha
Makhleb
Nemelex Xobeh
Okawaru
Qazlal
Ru
Sif Muna
Trog
Vehumet
Wu Jian
Xom
Yredelemnul
Zin
The Shining One

Shops:
D:4 *


Message History

You are too injured to fight recklessly!
You are too injured to fight recklessly!
You are too injured to fight recklessly!
You are too injured to fight recklessly!
You are too injured to fight recklessly!
You are too injured to fight recklessly!
You are too injured to fight recklessly!
You are too injured to fight recklessly!
You are too injured to fight recklessly!
Your shield and chain mail of Happiness prevent you from hitting the death yak.
The death yak is heavily wounded.
You slash the death yak! You hit the death yak.
The death yak barely misses you. The death yak gores you.
You hit the death yak but do no damage.
The death yak is heavily wounded.
You strike the helpless death yak from behind!
You hit the death yak but do no damage. You barely miss the death yak.
You catch the helpless death yak completely off-guard!
You slash the death yak!
The death yak is severely wounded.
You barely miss the death yak. You hit the death yak but do no damage.
You block the death yak's attack.
You hit the death yak.
The death yak is lightly wounded.
You barely miss the death yak.
You strike the helpless death yak from behind!
You slash the death yak!
The death yak gores you but does no damage.
Your chain mail of Happiness prevents you from hitting the death yak.
The death yak is lightly wounded.
You catch the helpless death yak completely off-guard!
You hit the death yak.
You hit the death yak but do no damage. x2
The death yak barely misses you.
You hit the death yak.
The death yak is moderately wounded.
You hit the death yak. You completely miss the death yak.
You hit the death yak but do no damage. The death yak gores you.
The death yak gores you! You block the death yak's attack.
You hit the death yak.
The death yak is moderately wounded.
You catch the helpless death yak completely off-guard!
You hit the death yak. You slash the death yak! x2
The death yak barely misses you. The death yak gores you.
The death yak barely misses you. You block the death yak's attack.
You slash the death yak!
The death yak is heavily wounded.
You hit the death yak but do no damage. You hit the death yak.
You hit the death yak but do no damage. The death yak barely misses you.
You block the death yak's attack.
You slash the death yak!
The death yak is heavily wounded.
You hit the death yak but do no damage. You hit the death yak.
You kill the death yak!
Makhleb accepts your kill.
Your Fighting skill increases to level 6!
You catch the helpless death yak completely off-guard!
You slash the death yak!
The death yak gores you but does no damage.
You block the death yak's attack.
You hit the death yak but do no damage.
The death yak is heavily wounded.
You hit the death yak.
You catch the helpless death yak completely off-guard!
You hit the death yak. The death yak gores you!
You hit the death yak.
The death yak is heavily wounded.
You hit the death yak. You slash the death yak!
You block the death yak's attack. x3
You slash the death yak!
The death yak is severely wounded.
You slash the death yak! You hit the death yak. The death yak gores you!
* * * LOW HITPOINT WARNING * * *
The death yak closely misses you.
You hit the death yak but do no damage.
The death yak is severely wounded.
You slash the death yak! You hit the death yak.
You block the death yak's attack.
You hit the death yak but do no damage.
The death yak is heavily wounded.
You catch the helpless death yak completely off-guard!
You slash the death yak! x2
The death yak gores you but does no damage.
You block the death yak's attack.
You slash the death yak!
The death yak is severely wounded.
You hit the death yak. x2
The death yak gores you but does no damage.
The death yak barely misses you.
You hit the death yak but do no damage.
The death yak is severely wounded.
You hit the death yak.
You catch the helpless death yak completely off-guard!
You hit the death yak but do no damage. You block the death yak's attack.
The death yak gores you!
* * * LOW HITPOINT WARNING * * *
You slash the death yak!
The death yak is almost dead.
You hit the death yak but do no damage. You slash the death yak!
The death yak gores you!
You die...

##.....####....##
#....## #....P#
#P...## ###..###
#P....# ##....P##
#.<..###
#.###..P##
##.....# ###
#.P.#. #...###
##...# ##Y...#
#..#.. #Y@...#
####.. #..Y.....#
### ...........##
### ...........#
#.. #.#.......##
.P.. # ##....###
..... #.####
...## .# #.#


You could see 3 death yaks.

Vanquished Creatures
  A hydra (Lair:2)
  A two-headed ogre (D:8)
  A death yak (Lair:3)
  A necromancer (IceCv)
  An oklob plant (Lair:2)
  4 ice statues (IceCv)
  3 black mambas
  5 spiny frogs
  5 ice devils (IceCv)
  Grinder (D:5)
  A hornet (D:7)
  2 hippogriffs
  9 blink frogs
  5 yaks (Lair:3)
  2 hungry ghosts
  Edmund (D:5)
  Menkaure (D:7)
  4 water moccasins
  Duvessa (D:5)
  3 porcupines
  3 orc warriors
  9 ice beasts
  4 sky beasts
  3 phantoms
  A hornet zombie (D:8)
  5 wolves (Lair:2)
  An eye of draining (D:8)
  4 ogres
  A crocodile (D:8)
  A centaur (D:5)
  8 bullfrogs
  Dowan (D:5)
  A wyvern zombie (D:8)
  2 scorpions
  12 killer bees
  An electric eel (Lair:1)
  A howler monkey (D:5)
  5 crimson imps
  2 bullfrog zombies
  2 draconian simulacra (IceCv)
  A quasit (D:6)
  3 hounds
  A jelly (D:8)
  3 orc priests
  4 orc wizards
  5 iguanas
  6 worker ants
  A troll simulacrum (IceCv)
  3 centaur simulacra (IceCv)
  A hound zombie (D:5)
  A hound skeleton (D:4)
  8 mummies (Ossuary)
  Robin (D:3)
  A howler monkey skeleton (D:4)
  2 naga simulacra (IceCv)
  11 adders
  2 ogre simulacra (IceCv)
  A river rat (D:4)
  2 shadow imps (D:6)
  3 oozes
  2 adder zombies
  9 worms
  4 dart slugs
  6 leopard geckos
  21 orcs
  3 ball pythons
  12 giant cockroaches
  A gnoll zombie (Ossuary)
  18 goblins
  11 hobgoblins
  16 jackals
  2 quokkas
  A ball python zombie (D:6)
  15 bats
  7 frilled lizards
  7 kobolds
  3 kobold zombies (Ossuary)
  4 orc zombies (Ossuary)
  13 rats
  2 bushes (D:1)
  A fungus (Lair:1)
  2 plants
339 creatures vanquished.

Vanquished Creatures (collateral kills)
  An ice devil (IceCv)
1 creature vanquished.

Vanquished Creatures (others)
  2 centaurs
  An orc (D:3)
  A plant (Lair:1)
4 creatures vanquished.

Grand Total: 344 creatures vanquished

Notes
Turn   | Place    | Note
-------+----------+-------------------------------------------
     0 | D:1      | sankara the Hill Orc Fighter began the quest for the Orb.
     0 | D:1      | Reached XP level 1. HP: 19/19 MP: 1/1
    70 | D:1      | Reached skill level 3 in Axes
   145 | D:1      | Reached XP level 2. HP: 25/26 MP: 2/2
   306 | D:1      | Reached XP level 3. HP: 28/31 MP: 3/3
   618 | D:1      | Reached skill level 4 in Axes
  1191 | D:2      | Reached XP level 4. HP: 36/39 MP: 4/4
  1601 | D:2      | Reached skill level 4 in Armour
  1608 | D:2      | Noticed an ice beast
  1619 | D:2      | HP: 7/39 [ice beast (7)]
  1620 | D:2      | Killed an ice beast
  1620 | D:2      | Reached skill level 5 in Axes
  1620 | D:2      | Reached skill level 4 in Shields
  1620 | D:2      | Reached XP level 5. HP: 9/45 MP: 5/5
  2425 | D:3      | Noticed Robin
  2444 | D:3      | Killed Robin
  2502 | D:3      | Reached XP level 6. HP: 50/51 MP: 6/6
  2504 | D:3      | Reached skill level 6 in Axes
  2923 | D:3      | Found a shimmering altar of Xom.
  2924 | D:3      | Found a burning altar of Makhleb.
  2957 | D:3      | Became a worshipper of Makhleb the Destroyer
  2963 | D:3      | HP: 12/51 [poisoned by a crimson imp]
  3307 | D:4      | Found a glowing drain.
  3344 | Sewer    | Entered a sewer
  4012 | D:4      | Reached skill level 1 in Evocations
  4024 | D:4      | Found Nateyngo's Assorted Antiques.
  4201 | D:4      | Reached * piety under Makhleb
  4238 | D:4      | Reached skill level 7 in Axes
  4238 | D:4      | Reached skill level 5 in Armour
  4238 | D:4      | Reached skill level 5 in Shields
  4238 | D:4      | Reached XP level 7. HP: 47/57 MP: 6/8
  4287 | D:4      | Bought an embroidered cloak for 210 gold pieces
  4388 | D:4      | Found a sacrificial altar of Ru.
  4441 | D:4      | Found a blossoming altar of Fedhas.
  4455 | D:4      | Found a stormy altar of Qazlal.
  4563 | D:4      | Found a snail-covered altar of Cheibriados.
  4567 | D:4      | Noticed a hungry ghost
  4590 | D:4      | Killed a hungry ghost
  4590 | D:4      | Reached skill level 2 in Evocations
  4923 | D:4      | Reached skill level 8 in Axes
  4923 | D:4      | Reached XP level 8. HP: 64/64 MP: 9/9
  5055 | D:4      | Got a jasper-encrusted ring mail
  5066 | D:4      | Identified the cursed +0 ring mail "Xick" {rPois Regen+
                  | Dex-3 SInv} (You found it on level 4 of the Dungeon)
  5173 | D:5      | Entered Level 5 of the Dungeon
  5184 | D:5      | Noticed Grinder
  5190 | D:5      | Noticed Duvessa
  5208 | D:5      | Killed Duvessa
  5218 | D:5      | Paralysed by Grinder for 4 turns
  5226 | D:5      | Killed Grinder
  5226 | D:5      | Reached skill level 9 in Axes
  5226 | D:5      | Reached skill level 6 in Armour
  5226 | D:5      | Reached skill level 3 in Evocations
  5417 | D:5      | Noticed Dowan
  5435 | D:5      | Killed Dowan
  5435 | D:5      | Reached skill level 6 in Shields
  5688 | D:5      | Found a deep blue altar of Sif Muna.
  5769 | D:5      | Reached skill level 10 in Axes
  5800 | D:5      | Reached XP level 9. HP: 58/70 MP: 11/11
  5894 | D:5      | Noticed Edmund
  5915 | D:5      | Killed Edmund
  5915 | D:5      | Reached skill level 7 in Armour
  5943 | D:5      | Found a shattered altar of Ashenzari.
  5971 | D:5      | Reached skill level 7 in Shields
  6056 | D:5      | Reached ** piety under Makhleb
  6321 | D:6      | Reached skill level 1 in Invocations
  6330 | D:6      | Got a spiked leather armour
  6350 | D:6      | Reached skill level 11 in Axes
  6560 | D:6      | Found a sand-covered staircase.
  6569 | Ossuary  | Entered an ossuary
  6591 | Ossuary  | Reached skill level 2 in Invocations
  7092 | D:7      | Reached skill level 3 in Invocations
  7117 | D:7      | Noticed Menkaure
  7123 | D:7      | Killed Menkaure
  7201 | D:7      | Found a runed translucent door.
  7201 | D:7      | You fall through a shaft for 2 floors!
  7279 | D:9      | Reached skill level 12 in Axes
  7309 | D:9      | Found an ornate altar of the Wu Jian Council.
  7375 | D:8      | Reached *** piety under Makhleb
  7375 | D:8      | Reached skill level 8 in Shields
  7375 | D:8      | Reached skill level 4 in Invocations
  7375 | D:8      | Reached XP level 10. HP: 73/77 MP: 11/13
  7584 | D:7      | Found a staircase to the Ecumenical Temple.
  7593 | Temple   | Entered the Ecumenical Temple
  7759 | D:7      | Paralysed by a hornet for 1 turns
  7891 | D:7      | Reached skill level 5 in Invocations
  8122 | D:7      | Found a radiant altar of Vehumet.
  8135 | D:7      | Found a hazy altar of Hepliaklqana.
  8197 | D:7      | Reached skill level 13 in Axes
  8211 | D:7      | Noticed a sixfirhy
  8872 | D:8      | Found an iron altar of Okawaru.
  8890 | D:8      | Found a bloodstained altar of Trog.
  9114 | D:8      | Found a staircase to the Lair.
  9262 | D:8      | Reached skill level 6 in Invocations
  9455 | D:8      | Noticed a two-headed ogre
  9473 | D:8      | Killed a two-headed ogre
  9473 | D:8      | Reached skill level 9 in Shields
  9668 | D:8      | Found a sparkling altar of Nemelex Xobeh.
 10167 | Lair:1   | Entered Level 1 of the Lair of Beasts
 10216 | Lair:1   | Got a steaming iron ring
 10217 | Lair:1   | Identified the ring "Jaonumeh" {+Blink SInv} (You found it
                  | on level 1 of the Lair of Beasts)
 10266 | Lair:1   | Reached skill level 14 in Axes
 10296 | Lair:1   | Found a frozen archway.
 10303 | Lair:1   | Reached **** piety under Makhleb
 10309 | Lair:1   | Reached skill level 7 in Invocations
 10316 | Lair:1   | Reached XP level 11. HP: 68/82 MP: 16/16
 10358 | IceCv    | Entered an ice cave
 10411 | IceCv    | Reached skill level 4 in Evocations
 10805 | IceCv    | HP: 19/82 [something (3)]
 10807 | IceCv    | HP: 5/82 [something (8)]
 10808 | IceCv    | HP: 1/82 [something (4)]
 11578 | IceCv    | Reached skill level 8 in Invocations
 11670 | IceCv    | Reached skill level 15 in Axes
 11750 | IceCv    | Noticed a necromancer
 11762 | IceCv    | Killed a necromancer
 11774 | IceCv    | Got a brightly glowing ring mail
 11952 | Lair:1   | Reached skill level 10 in Shields
 12084 | Lair:1   | Reached skill level 5 in Evocations
 12676 | Lair:1   | HP: 19/82 [blink frog (2)]
 12877 | Lair:2   | Reached skill level 9 in Invocations
 12943 | Lair:2   | Reached XP level 12. HP: 51/90 MP: 18/18
 13164 | Lair:2   | Got a pitted chain mail
 13209 | Lair:2   | Identified the +3 ring mail of the Frog {rF+ Int+4 Stlth+}
                  | (You found it in an ice cave)
 13219 | Lair:2   | Identified the +7 chain mail of Happiness {MR++} (You found
                  | it on level 2 of the Lair of Beasts)
 13436 | Lair:2   | HP: 22/90 [oklob plant/splash of acid (10)]
 13436 | Lair:2   | HP: 7/90 [acid (15)]
 13773 | Lair:2   | HP: 16/90 [oklob plant/splash of acid (1)]
 13773 | Lair:2   | HP: 5/90 [acid (11)]
 14185 | Lair:2   | Noticed a six-headed hydra
 14199 | Lair:2   | Killed a six-headed hydra
 14199 | Lair:2   | Reached skill level 16 in Axes
 14199 | Lair:2   | Reached skill level 6 in Evocations
 14800 | Lair:2   | Reached skill level 4 in Fighting
 15326 | Lair:3   | Reached skill level 10 in Invocations
 15334 | Lair:3   | Reached skill level 11 in Shields
 15338 | Lair:3   | Reached skill level 5 in Fighting
 15743 | Lair:3   | Noticed a death yak
 15743 | Lair:3   | Noticed a death yak
 15744 | Lair:3   | Noticed a death yak
 15744 | Lair:3   | Noticed a death yak
 15759 | Lair:3   | Killed a death yak
 15759 | Lair:3   | Reached skill level 6 in Fighting
 15766 | Lair:3   | HP: 13/96 [death yak (13)]
 15767 | Lair:3   | Slain by a death yak

Skill      XL: |  1  2  3  4  5  6  7  8  9 10 11 12 |
---------------+-------------------------------------+-----
Axes           | 3 4 5 7 8 10 12 14 15 16 | 16.0
Armour         | 4 5 6 7 |  7.1
Shields        | 4 5 6 8 9 10 11 | 11.4
Evocations     | 1 2 3 5 6 |  6.0
Invocations    | 4 7 9 10 | 10.0
Fighting       | 6 |  6.1

Action                   |  1- 3 |  4- 6 |  7- 9 | 10-12 || total
-------------------------+-------+-------+-------+-------++-------
Melee: War axe           |   152 |   396 |   417 |   922 ||  1887
Invok: Minor Destruction |       |       |       |    46 ||    46
       Lesser Servant of |       |       |       |     1 ||     1
       Major Destruction |       |       |       |     7 ||     7
 Abil: Evoke Blink       |       |       |       |     2 ||     2
       Evoke Invisibilit |       |       |       |     9 ||     9
Evoke: Wand              |       |       |       |     2 ||     2
  Use: Potion            |       |     1 |       |       ||     1
       Scroll            |       |       |     1 |    11 ||    12
 Stab: Invisible         |       |     1 |       |    38 ||    39
  Eat: Chunk             |     1 |    11 |    17 |    17 ||    46
       Ration            |       |       |       |     4 ||     4
Armor: Scale mail        |    72 |   142 |    25 |       ||   239
       Plate armour      |       |       |   116 |   267 ||   383
       Chain mail        |       |       |       |    65 ||    65
Dodge: Dodged            |    47 |    75 |    45 |   133 ||   300
Block: Shield            |   156 |   278 |   292 |   673 ||  1399
       Reflection        |     1 |     5 |    12 |     3 ||    21

Levels and vault maps discovered:
D:1:      nicolae_arrival_memento_mori, layout_basic, serial_forest,
          infiniplex_forest_straight_4, infiniplex_forest_lined_2,
          infiniplex_forest_clump_curved, infiniplex_forest_end_double,
          infiniplex_forest_clump_small, infiniplex_forest_clump_diagonal,
          infiniplex_forest_lined_corner, st_stairs_7
D:2:      layout_basic, first_ration, st_stairs_5
D:3:      layout_rooms, grunt_temple_overflow_champion_of_chaos, uniq_robin
D:4:      layout_basic, grunt_temple_overflow_forces_of_nature,
          cheibriados_altar_1, serial_shops, nicolae_shop_waterfront,
          portal_sewer_entry_b, hangedman_abyss_or_decor_stagger,
          nicolae_ru_sacrificial_ziggurat
D:5:      layout_basic, marbit_many_paths, lemuel_blue_sif_altar, uniq_edmund,
          uniq_grinder, uniq_duvessa
D:6:      layout_cave_pools, nicolae_ossuary_entry_monument
D:7:      cheibrodos_shockbox, layout_basic, amethyst_overflow_temple_binary,
          minmay_temple_entry_poolview, uniq_menkaure
D:8:      layout_basic, grunt_temple_overflow_bloody_war,
          nemelex_xobeh_ov_fountains_minmay, dpeg_oklobed_lair, grunt_pizzeria
D:9:      layout_basic, nicolae_overflow_crystal_walls,
          eat_drink_and_be_merry_uskayaw
Temple:   nicolae_temple_figure_zero
Lair:1:   layout_hall_layers, portal_ice_cave_entry_ice_beasts,
          serial_bayou_lagoon_b
Lair:2:   layout_gridlike, infiniplex_staircase_pool, minmay_lair_oklob_chamber
Lair:3:   layout_layer_cave, st_stairs_6
Sewer:    sewer_fruit_machine
Ossuary:  ossuary_tomb_3
IceCv:    ice_cave_tombish

Table legend:
 A = Turns spent in this place as a percentage of turns spent in the entire game.
 B = Non-inter-level travel turns spent in this place as a percentage of non-inter-level travel turns spent in the entire game.
 C = Inter-level travel turns spent in this place as a percentage of turns spent in this place.
 D = Turns resting spent in this place as a percentage of non-inter-level travel turns spent in this place.
 E = Turns spent auto-exploring this place as a percentage of non-inter-level travel turns spent in this place.
 F = Non-inter-level travel turns spent in this place divided by the number of levels of this place that you've seen.
                   A       B       C       D       E      F
               +-------+-------+-------+-------+-------+----------------------
         Total | 100.0 | 100.0 |   4.7 |  31.8 |  42.6 | 939.4
       Dungeon |  58.6 |  57.8 |   5.9 |  21.7 |  52.7 | 965.8
        Temple |   0.7 |   0.7 |   7.6 |   0.0 |  98.2 | 109.0
          Lair |  25.5 |  25.6 |   4.4 |  49.7 |  30.4 | 1282.0
         Sewer |   4.0 |   4.2 |   0.0 |   0.0 |  54.5 | 627.0
       Ossuary |   1.1 |   1.2 |   0.0 |   0.0 |  58.0 | 181.0
      Ice Cave |  10.0 |  10.5 |   0.0 |  62.9 |   6.3 | 1575.0
               +-------+-------+-------+-------+-------+----------------------

Table legend:
 A = Kills in this place as a percentage of kills in entire the game.
 B = Kills by you in this place as a percentage of kills by you in the entire game.
 C = Kills by friends in this place as a percentage of kills by friends in the entire game.
 D = Other kills in this place as a percentage of other kills in the entire game.
 E = Experience gained in this place as a percentage of experience gained in the entire game.
 F = Experience gained in this place divided by the number of levels of this place that you have seen.
                   A       B       C       D       E      F
               +-------+-------+-------+-------+-------+----------------------
         Total | 100.0 | 100.0 | 100.0 | 100.0 | 100.0 | 1616.6
       Dungeon |  67.2 |  67.1 |   0.0 | 100.0 |  32.1 | 921.2
          Lair |  15.4 |  15.6 |   0.0 |   0.0 |  48.8 | 4211.3
         Sewer |   6.5 |   6.6 |   0.0 |   0.0 |   0.2 |  63.0
       Ossuary |   4.7 |   4.8 |   0.0 |   0.0 |   0.6 | 151.0
      Ice Cave |   6.2 |   6.0 | 100.0 |   0.0 |  18.3 | 4726.0
               +-------+-------+-------+-------+-------+----------------------
